 Dungeon Crawl Stone Soup version 0.27-a0-1312-g5cdb2b3542 (webtiles) character file.

Game seed: 10082083614669225910

72 HoaS the Ruffian (level 3, -4/29 HPs)
             Began as a Demigod Gladiator on June 20, 2021.
             Slain by Sigmund (10 damage)
             ... on level 3 of the Dungeon.
             The game lasted 00:03:30 (2438 turns).

HoaS the Ruffian (Demigod Gladiator)                Turns: 2438, Time: 00:03:31

Health: -4/29      AC:  4    Str: 19    XL:     3   Next: 82%
Magic:  5/5        EV: 12    Int: 10    God:
Gold:   127        SH:  0    Dex: 15    Spells: 2/2 levels left

rFire    . . .     SeeInvis .     - Unarmed
rCold    . . .     Faith    .   (no shield)
rNeg     + . .     Spirit   .   a - +0 leather armour
rPois    .         Reflect  .   b - +0 helmet
rElec    .         Harm     .   (no cloak)
rCorr    .         Rampage  .   (no gloves)
Will     .....                  (no boots)
Stlth    +.........             (no amulet)
HPRegen  0.09/turn              i - ring of positive energy
MPRegen  0.09/turn              (no ring)

@: confused, mighty
A: high mp 1, forlorn
a: no special abilities


You were on level 3 of the Dungeon.
You visited 1 branch of the dungeon, and saw 3 of its levels.

You collected 127 gold pieces.

Inventory:

Missiles
 c - 3 throwing nets (quivered)
 h - 22 poisoned darts
Armour
 a - a +0 leather armour (worn)
 b - a +0 helmet (worn)
Jewellery
 i - a ring of positive energy (left hand)
Scrolls
 e - 2 scrolls of identify
Potions
 f - 3 potions of attraction
 g - a potion of lignification


   Skills:
 - Level 1.7 Fighting
 - Level 1.7 Throwing
 - Level 2.6 Dodging
 * Level 4.5 Unarmed Combat


You had 2 spell levels left.
You didn't know any spells.
Your spell library was empty.

Dungeon Overview and Level Annotations

Branches:
Dungeon (3/15)

Annotations:
D:3 Sigmund


Innate Abilities, Weirdness & Mutations

Your attributes grow dramatically as you level up.
You have an increased reservoir of magic. (+10% MP)
You shall have no god before yourself.


Message History

A rat comes into view.
Sigmund the Dreaded comes into view.
He is wielding a +0 scythe of flaming and wearing a +2 robe of the Archmagi.
Sigmund shouts!
You hear a shout!
Sigmund points at you and mumbles some strange words.
The magic dart hits you! The rat bites you.
You hit the rat but do no damage. The rat bites you.
Sigmund points at you and mumbles some strange words.
You are confused.
You're too confused to move!
Sigmund barely misses you. The rat completely misses you.
You hit the rat.
You kill the rat!
Sigmund gestures at you while chanting. You resist with some effort.
You bump into the rock wall.
Sigmund looks at you with fury.
Sigmund hits you from afar with a +0 scythe of flaming!
Sigmund burns you.
* * * LOW HITPOINT WARNING * * *
You feel very mighty all of a sudden. Sigmund casts a spell at you.
The magic dart hits you but does no damage.
You're too confused to move!
You feel less confused. Sigmund barely misses you.
You punch Sigmund!
Sigmund is moderately wounded.
Sigmund barely misses you.
You punch Sigmund!
Sigmund is heavily wounded.
Sigmund casts a spell at you.
You are confused.
You bump into the rock wall.
Sigmund hits you but does no damage.
You bump into the rock wall.
Sigmund drinks a potion.
Sigmund is healed!
You bump into the rock wall.
Sigmund closely misses you. Sigmund barely misses you.
You're too confused to move!
Sigmund hits you from afar with a +0 scythe of flaming!
You die...

######.# #......#
#......# #......#
#......# #......#
<.########@.....#
..#.......†.....#
#.#.######@....##
..#.# #######
#.#.# ######.#.#
#...##.#.#####..
#...##.#........
#............#..
#............#
#............#


You could see Sigmund.

Vanquished Creatures
  A hound (D:2)
  2 dart slugs
  4 endoplasms
  A giant cockroach (D:2)
  4 goblins
  5 hobgoblins
  3 kobolds (D:1)
  A quokka (D:3)
  5 ball pythons
  4 bats
  2 frilled lizards
  4 rats
36 creatures vanquished.

Notes
Turn   | Place    | Note
-------+----------+-------------------------------------------
     0 | D:1      | HoaS the Demigod Gladiator began the quest for the Orb.
     0 | D:1      | Reached XP level 1. HP: 17/17 MP: 3/3
    31 | D:1      | Reached skill level 3 in Unarmed Combat
   586 | D:1      | Reached XP level 2. HP: 24/24 MP: 4/4
  1238 | D:2      | Reached skill level 4 in Unarmed Combat
  1238 | D:2      | Reached XP level 3. HP: 3/29 MP: 5/5
  2421 | D:3      | Noticed Sigmund
  2438 | D:3      | Slain by Sigmund

Illustrated notes

Levels and vault maps discovered:
D:1:      sevenhm_arrival_forest_fort_large_4, layout_rooms,
          basic_ecumenical_altar
D:2:      layout_loops_ring, minmay_misc_feat_doors, grunt_decor_arrowhead
D:3:      layout_basic, uniq_robin, uniq_sigmund

Skill      XL: |  1  2 |
---------------+-------+-----
Unarmed Combat | 3 4 |  4.5
Fighting       | |  1.7
Throwing       | |  1.7
Dodging        | |  2.6

Action                   || total
-------------------------++-------
Melee: Unarmed           ||   155
Throw: Throwing net      ||     1
  Use: Scroll            ||     7
       Potion            ||     1
 Stab: Sleeping          ||     1
Armor: Leather armour    ||    62
Dodge: Dodged            ||    99

Table legend: (Time is in decaauts)
 A = Elapsed time spent in this place.
 B = Non-inter-level travel time spent in this place.
 C = Inter-level travel time spent in this place.
 D = Time resting spent in this place.
 E = Time spent auto-exploring this place.
 F = Levels seen in this place.
 G = Mean time per level.
                   A        B        C        D        E       F      G
               +--------+--------+--------+--------+--------+-----+--------+
         Total |   2425 |   2355 |     70 |    956 |   1093 |   3 |  808.3 |
       Dungeon |   2425 |   2355 |     70 |    956 |   1093 |   3 |  808.3 |
               +--------+--------+--------+--------+--------+-----+--------+

Top non-repeatable levels by time:
     D:1: 1203 daAuts
     D:2: 892 daAuts
     D:3: 330 daAuts
